 Dungeon Crawl Stone Soup version 0.26-a0-720-g2a1d101370 (webtiles) character file.

Game seed: 4156430970968739510

7 somkeydreadnuts the Digger (level 2, 0/15 HPs)
             Began as a Gargoyle Earth Elementalist on Nov 2, 2020.
             Slain by a gnoll
             ... wielding a +1 flail of protection
              (12 damage)
             ... on level 1 of the Dungeon.
             The game lasted 00:00:53 (310 turns).

somkeydreadnuts the Digger (GrEE)                    Turns: 310, Time: 00:00:53

Health: 0/15       AC:  4    Str: 11    XL:     2   Next: 4%
Magic:  0/5        EV: 12    Int: 15    God:
Gold:   12         SH:  0    Dex: 10    Spells: 4/5 levels left

rFire    . . .     SeeInvis .   (no weapon)
rCold    . . .     Faith    .   (no shield)
rNeg     + . .     Spirit   .   c - +0 robe
rPois    ∞         Reflect  .   (no helmet)
rElec    +         Harm     .   (no cloak)
rCorr    .         Rampage  .   (no gloves)
MR       .....                  (no boots)
Stlth    ++........             (no amulet)
HPRegen  0.05/turn              (no ring)
MPRegen  0.09/turn              (no ring)

@: no status effects
A: negative energy resistance 1, electricity resistance, unbreathing,
petrification resistance, rot immunity, AC +2
a: no special abilities


You were on level 1 of the Dungeon.
You visited 1 branch of the dungeon, and saw 1 of its levels.

You collected 12 gold pieces.

Inventory:

Missiles
 b - 92 stones (quivered)
Armour
 c - a +0 robe (worn)


   Skills:
 - Level 1.5 Dodging
 - Level 2.1 Stealth
 - Level 2.0 Spellcasting
   Level 0.7 Transmutations
 + Level 4.3 Earth Magic


You had 4 spell levels left.
You knew the following spells:

 Your Spells              Type           Power        Failure   Level
a - Sandblast             Erth           ##....       3%          1

Your spell library contained the following spells:

 Spells                   Type           Power        Failure   Level
 Passwall                 Tmut/Erth      #.......     12%         2
 Stone Arrow              Conj/Erth      #.....       28%         3
 Petrify                  Tmut/Erth      #.......     61%         4
 Lee's Rapid Deconstruct  Erth           ##........   71%         5


Dungeon Overview and Level Annotations

Branches:
Dungeon (1/15)

Altars:


Innate Abilities, Weirdness & Mutations

You are resistant to torment.
Your stone body is resilient. (AC +2)
You are immune to poison.
You resist negative energy. (rN+)
You are resistant to electric shocks. (rElec)
You can survive without breathing.
You are immune to petrification.
You are immune to rotting.


Message History

Unknown command.
Casting: Sandblast (safe; 3% risk of failure)
Confirm with . or Enter, or press ? or * to list all spells.
Aiming: Sandblast (safe; 3% risk of failure)
Press: ? - help, Shift-Dir - straight line, f/p - gnoll
Aim: a gnoll, wielding a +1 flail of protection The blast of sand hits the gnoll!
The gnoll is severely wounded.
b - 92 stones You hit the gnoll but do no damage.
The gnoll is severely wounded.
The gnoll closely misses you.
You hit the gnoll.
The gnoll is almost dead.
The gnoll closely misses you.
You hit the gnoll but do no damage.
The gnoll is almost dead.
The gnoll hits you with a +1 flail of protection!
Ouch! That really hurt!
You die...

#.# #.# #.# #.# #.#
####### #.#
.......########.#######.
........................
........#.......@.......
........#.......g.......
..................>.###.
######.#....##.##....
#.####.##.# ..### #)#
#.##.# ..# #.# #..... ..
#.####.##. .## #........


You could see a gnoll.

Vanquished Creatures
  A dart slug (D:1)
  2 hobgoblins (D:1)
  A kobold (D:1)
  A rat (D:1)
5 creatures vanquished.

Notes
Turn   | Place    | Note
-------+----------+-------------------------------------------
     0 | D:1      | somkeydreadnuts the Gargoyle Earth Elementalist began the
                  | quest for the Orb.
     0 | D:1      | Reached XP level 1. HP: 10/10 MP: 3/3
    32 | D:1      | Reached skill level 4 in Earth Magic
   163 | D:1      | Reached XP level 2. HP: 11/15 MP: 0/5
   310 | D:1      | Slain by a gnoll

Illustrated notes

Levels and vault maps discovered:
D:1:      eino_arrival_druids_welcome, layout_basic

Skill      XL: |  1 |
---------------+----+-----
Earth Magic    | 4 |  4.3
Dodging        | |  1.5
Stealth        | |  2.1
Spellcasting   | |  2.0
Transmutations | |  0.7

Action                   || total
-------------------------++-------
Melee: Unarmed           ||    19
 Cast: Sandblast         ||    11
Armor: Robe              ||     4
Dodge: Dodged            ||     9

Table legend: (Time is in decaauts)
 A = Elapsed time spent in this place.
 B = Non-inter-level travel time spent in this place.
 C = Inter-level travel time spent in this place.
 D = Time resting spent in this place.
 E = Time spent auto-exploring this place.
 F = Levels seen in this place.
 G = Mean time per level.
                   A        B        C        D        E       F      G
               +--------+--------+--------+--------+--------+-----+--------+
         Total |    310 |    310 |      0 |      0 |    255 |   1 |  310.0 |
       Dungeon |    310 |    310 |      0 |      0 |    255 |   1 |  310.0 |
               +--------+--------+--------+--------+--------+-----+--------+

Top non-repeatable levels by time:
     D:1: 310 daAuts
